 Dungeon Crawl Stone Soup version 0.23.2-1-ga50397a (webtiles) character file.

Game seed: 6167969943415085933

37 Fortress the Skirmisher (level 3, -1/30 HPs)
             Began as a Demonspawn Abyssal Knight on June 3, 2019.
             Was a Follower of Lugonu.
             Slain by an adder (3 damage)
             ... on level 2 of the Dungeon.
             The game lasted 00:05:56 (1076 turns).

Fortress the Skirmisher (Demonspawn Abyssal Knight) Turns: 1076, Time: 00:05:57

Health: -1/30      AC:  4    Str: 13    XL:     3   Next: 21%
Magic:  4/4        EV: 11    Int: 13    God:    Lugonu [*.....]
Gold:   27         SH:  0    Dex: 12    Spells: 2/2 levels left

rFire    . . .     SeeInvis .   a - +1 hand axe
rCold    . . .     Gourm    .   (no shield)
rNeg     . . .     Faith    .   b - +0 leather armour
rPois    .         Spirit   .   (no helmet)
rElec    .         Reflect  .   (no cloak)
rCorr    .         Harm     .   (no gloves)
MR       .....                  k - +0 pair of boots
Stlth    +.........             (no amulet)
HPRegen  0.10/turn              (no ring)
MPRegen  0.09/turn              (no ring)

@: no status effects
A: sturdy frame 1
a: Depart the Abyss, Renounce Religion


You were on level 2 of the Dungeon.
You worshipped Lugonu.
Lugonu was aware of your devotion.
You were hungry.

You visited 1 branch of the dungeon, and saw 3 of its levels.
You visited the Abyss 1 time.

You collected 27 gold pieces.

Inventory:

Hand Weapons
 a - a +1 hand axe (weapon)
 l - a +0 mace of crushing
Armour
 b - a +0 leather armour (worn)
 k - a +0 pair of boots (worn)
Jewellery
 e - an uncursed amulet of regeneration {unknown}
 j - an uncursed ring of flight {unknown}
Scrolls
 d - a scroll of fear {unknown}
 f - 3 scrolls of identify {unknown}
 g - a scroll of amnesia {unknown}
 h - a scroll of teleportation {unknown}
 m - a scroll of enchant armour {unknown}
Potions
 i - a potion of might {unknown}
Comestibles
 c - 4 rations


   Skills:
 + Level 3.7 Fighting
 + Level 2.3 Axes
 + Level 2.1 Armour
 - Level 0.8 Dodging
 + Level 2.5 Invocations


You had 2 spell levels left.
You didn't know any spells.
Your spell library was empty.

Dungeon Overview and Level Annotations

Branches:
Dungeon (3/15)

Altars:


Innate Abilities, Weirdness & Mutations

Your movements are slightly less encumbered by armour. (ER -2)


Message History

Beogh smites you!
Ouch! That really hurt!
* * * LOW HITPOINT WARNING * * *
An adder comes into view.
The bat closely misses you. The bat hits you.
* * * LOW HITPOINT WARNING * * *
The adder bites you but does no damage.
There is a stone staircase leading up here.
The adder hisses angrily.
The bat hits you.
* * * LOW HITPOINT WARNING * * *
The adder closely misses you. The orc closely misses you.
The orc priest miscasts a cantrip.
You climb upwards.
There is a stone staircase leading down here.
Okay, then.
You hit the adder.
The adder is heavily wounded.
You hit the orc but do no damage. The adder bites you.
You die...

..###..# ...# ##.#
##...###..#
......#.#.######## ##
#.............# .
##.###.######.# #. #.
#.# #.# #.##.###.# #o#
#........# #@#
###...#### ##S######..
##.....## #o.......#
##.......## ##..#####?#
#.....)...####...#####.#
+.........'.............
#.........####......##.#
##.......## ##.#.###
##.....## #.....


You could see an adder and 2 orcs.

Vanquished Creatures
  2 oozes (D:2)
  A leopard gecko (D:1)
  2 bats (D:1)
  4 goblins (D:2)
  3 hobgoblins (D:1)
  4 jackals (D:1)
  3 kobolds
  4 rats
23 creatures vanquished.

Notes
Turn   | Place    | Note
-------+----------+-------------------------------------------
     0 | Abyss:1  | Fortress the Demonspawn Abyssal Knight began the quest for
                  | the Orb.
     0 | Abyss:1  | Reached XP level 1. HP: 18/18 MP: 2/2
     5 | D:1      | Escaped the Abyss
    52 | D:1      | Reached * piety under Lugonu
   213 | D:1      | Gained mutation: Your movements are slightly less
                  | encumbered by armour. (ER -2) [demonic ancestry]
   213 | D:1      | Reached XP level 2. HP: 24/24 MP: 3/3
   751 | D:2      | Reached XP level 3. HP: 15/29 MP: 4/4
  1076 | D:2      | Slain by an adder

Skill      XL: |  1  2 |
---------------+-------+-----
Armour         | 2 |  2.1
Axes           | 2 |  2.3
Fighting       | |  3.7
Dodging        | |  0.8
Invocations    | |  2.5

Action                   || total
-------------------------++-------
Melee: Hand axe          ||    64
Invok: Depart the Abyss  ||     1
Armor: Leather armour    ||    16
Dodge: Dodged            ||    49
